 Dungeon Sprint DCSS version 0.16-a0-3553-gf2c86d1 (webtiles) character file.

184001 BluebellGnoll the Talismancer (level 17, -2/163 HPs)
             Began as a Deep Dwarf Gladiator on Jan 10, 2015.
             Was the Champion of Makhleb.
             Slain by the Serpent of Hell (18 damage)
             ... in the Dungeon (Sprint V: "Ziggurat Sprint").
             The game lasted 01:59:00 (2519 turns).

BluebellGnoll the Talismancer (DDGl)                Turns: 2519, Time: 01:59:00

Health: -2/163     AC: 23    Str: 23    XL:     17   Next: 76%
Magic:  29/29      EV: 17    Int:  9    God:    Makhleb [******]
Gold:   0          SH: 38    Dex: 24    Spells: 0 memorised, 16 levels left

rFire  + . .     SeeInvis .     H - +8 rod of clouds (7/17)
rCold  + + .     Clarity  .     K - +9 gold dragon armour
rNeg   + + +     SustAb   .     N - +18 shield of the gong {rElec rN+ MR+ EV-5}
rPois  +         Gourm    .     (no helmet)
rElec  +         Spirit   .     X - +1 cloak {+Inv}
rCorr  .         Warding  +     (no gloves)
rMut   .         NoTele   +     (no boots)
MR     +++++                    a - macabre finger necklace {Ward rN+}
Stlth  ..........               P - ring "Itaimi" {+Inv +Fly rElec rN+ Dex+2}
                                q - +6 ring of dexterity
                                W - ring of the Blue Skies {rC+ MR++}

@: corroded equipment, non-regenerating, silenced, almost entirely resistant to
hostile enchantments, extremely unstealthy
A: damage resistance, recharge devices, negative energy resistance 1, sense
surroundings 2, slow healing 3
a: Device Recharging, Renounce Religion, Evoke Invisibility, Evoke Flight


You were in the Dungeon.
You worshipped Makhleb.
Makhleb was exalted by your worship.
You were not hungry.

You visited 1 branch

Inventory:

Hand weapons
 L - a +9 broad axe of freezing
Missiles
 d - 31 javelins (quivered)
Armour
 K - a +9 gold dragon armour (worn)
 N - the +18 shield of the gong (worn) {rElec rN+ MR+ EV-5}
   (You found it in the Dungeon)

   It affects your evasion (-5).
   It insulates you from electricity.
   It protects you from negative energy.
   It affects your resistance to hostile enchantments.
 X - a +1 cloak of invisibility (worn)
Rods
 w - a +9 rod of ignition (13/13)
   (You found it in the Dungeon)
 D - a +5 rod of shadows (13/13)
   (You found it in the Dungeon)
 H - a +8 rod of clouds (7/17) (weapon)
   (You found it in the Dungeon)
 U - a +6 rod of destruction (15/15)
   (You took it off an orc priest in the Dungeon)
Jewellery
 a - the macabre finger necklace (around neck) {Ward rN+}
   (You found it in the Dungeon)

   [amulet of warding]

   It may prevent the melee attacks of summoned creatures.
   It protects you from negative energy.
 q - a +6 ring of dexterity (left hand)
 P - the ring "Itaimi" (right hand) {+Inv +Fly rElec rN+ Dex+2}
   (You found it in the Dungeon)

   [ring of positive energy]

   It affects your dexterity (+2).
   It insulates you from electricity.
   It protects you from negative energy.
   It lets you turn invisible.
   It lets you fly.
 R - an uncursed amulet of resist corrosion
 T - the amulet of Ruitri {rCorr Str-4}
   (You took it off a putrid demonspawn in the Dungeon)

   [amulet of resist corrosion]

   It protects you from acid and corrosion.
   It affects your strength (-4).
 V - the amulet of Birdsong {rMut rC+ Int+3}
   (You took it off a wight in the Dungeon)

   [amulet of resist mutation]

   It protects you from mutation.
   It affects your intelligence (+3).
   It protects you from cold.
 W - the ring of the Blue Skies (on amulet) {rC+ MR++}
   (You found it in the Dungeon)

   [ring of protection from cold]

   It protects you from cold.
   It affects your resistance to hostile enchantments.
Magical devices
 e - a wand of heal wounds (4)
 m - a wand of disintegration (5)
 n - a wand of fire (4)
 o - a wand of cold (7)
 p - a wand of hasting (4)
Scrolls
 l - 4 scrolls of blinking
 y - 7 scrolls of fog
 z - a scroll of holy word
 A - 3 scrolls of identify
 B - 2 scrolls of remove curse
 C - 2 scrolls of fear
Potions
 g - 10 potions of curing
 h - 5 potions of heal wounds
 i - 3 potions of haste
 k - 3 potions of berserk rage
 E - 2 potions of invisibility
 F - a potion of restore abilities
 G - 4 potions of resistance
 I - 4 potions of agility
 J - 3 potions of might
Books
 u - a tome of Destruction
Miscellaneous
 b - a sack of spiders {used: 1}
 j - a sack of spiders
 s - 3 fans of gales
 t - a stone of tremors (-123 inert)
 x - 3 phantom mirrors
 M - a plain deck of summoning {the Dance}
 O - a box of beasts {used: 4}
 Q - a sack of spiders
 S - a lantern of shadows
 Z - 5 phials of floods (-144 inert)
Comestibles
 f - 5 bread rations
 r - 42 fruits
 v - 3 meat rations


   Skills:
 - Level 13.0 Fighting
 O Level 27 Axes
 - Level 13.1 Throwing
 O Level 27 Armour
 + Level 22.1 Dodging
 O Level 27 Shields
 - Level 18.2 Invocations
 O Level 27 Evocations


You had 16 spell levels left.
You didn't know any spells.

Dungeon Overview and Level Annotations

Branches:
Dungeon (1/1)

Altars:
Ashenzari
Cheibriados
Dithmenos
Elyvilon
Fedhas
Gozag
Kikubaaqudgha
Makhleb
Nemelex Xobeh
Okawaru
Qazlal
Ru
Sif Muna
Trog
Vehumet
Xom
Yredelemnul
Zin
The Shining One
Beogh
Jiyva
Lugonu

Annotations:
D Azrael, Dispater, Dissolution, Donald, Ereshkigal, Grum, Harold, Ijyb, Jory, Kirke, Lernaean hydra, Louise, Nellie, Nikola, Polyphemus, Royal Jelly, Serpent of Hell, Sonja, Urug, Wiglaf, Xtahua, the Enchantress, the iron giant


Innate Abilities, Weirdness & Mutations

You are resistant to damage.
You can recharge devices by infusing magical energy.
You resist negative energy.
You passively map the area around you.
You do not heal naturally.


Message History

The Serpent of Hell completely misses you.
The Executioner is engulfed in acidic fog.
The iron giant comes into view. It is wielding a dire flail.
Unknown command.
Unknown command.
Drink which item? (? for menu, Esc to quit)
You feel much better.
The Executioner is engulfed in acidic fog.
Ereshkigal is engulfed in a cloud of scalding steam.
You block the Enchantress' attack.
The azure jelly is engulfed in a cloud of scalding steam.
The Executioner is engulfed in acidic fog.
Louise is engulfed in roaring flames.
You block the acid blob's attack.
Dispater zaps a wand.
The magic dart hits you!
Xtahua is engulfed in acidic fog.
Xtahua writhes in agony as his flesh is eaten away!
The acid blob closely misses you. The Serpent of Hell bites you!
* * * LOW HITPOINT WARNING * * *
You are engulfed in flames!!
You resist.
You die...

,, .§. , , , * ,,
.Y..§....,, , ,,
........C ,, ,
*..@.J.. , , * ..
▓▓@o≈C@▓▓ .. , *
.§§▓D@{JD§g▓.§. *
,.§§§JDJJ&Rg§§§.
,,
.§§§JJJJD&D@§§§§.
,
*.§§§JJ1J@iVD§§.§.
, ,
▓▓▓▓▓▓▓▓▓▓▓▓▓▓▓▓▓


You could see Dispater, Ereshkigal, the Serpent of Hell, Nellie, the royal
jelly, the iron giant, Nikola, Dissolution, Jory, Polyphemus, Wiglaf, Xtahua
(bleeding), 2 iron dragons, Kirke, Louise, the Enchantress, 3 acid blobs, 2 fire
dragons, Azrael, Donald, 4 azure jellies, Harold, an Executioner, Urug, 2 death
oozes and Ijyb.

Vanquished Creatures
  A greater mummy (D)
  21 pandemonium lords (D)
  Norris (D)
  3 deep elf blademasters (D)
  An Orb Guardian (D)
  An Ice Fiend (D)
  6 deep elf master archers (D)
  3 acid blobs (D)
  An Executioner (D)
  2 azure jellies (D)
  An iron dragon (D)
  2 cacodemons (D)
  2 deep elf sorcerers (D)
  2 reapers (D)
  A stone giant (D)
  A green draconian (D)
  3 yellow draconians (D)
  2 white draconians (D)
  A mottled draconian (D)
  A pale draconian (D)
  2 mummy priests (D)
  2 merfolk javelineers (D)
  A blizzard demon (D)
  A fire dragon (D)
  5 death oozes (D)
  A deep elf high priest (D)
  3 yaktaur captains (D)
  A great orb of eyes (D)
  2 ice dragons (D)
  2 jiangshi (D)
  A hydra (D)
  5 centaur warriors (D)
  3 vampire magi (D)
  2 sun demons (D)
  An air elemental (D)
  A deep elf knight (D)
  2 shadow wraiths (D)
  A skeletal warrior (D)
  8 ice devils (D)
  A death scarab (D)
  2 deep elf conjurers (D)
  A shadow demon (D)
  A putrid demonspawn (D)
  A necromancer (D)
  An anubis guard (D)
  6 cyclopes (D)
  A wolf spider (D)
  2 shining eyes (D)
  A phantasmal warrior (D)
  5 water elementals (D)
  A small abomination (D)
  4 sixfirhies (D)
  An eye of devastation (D)
  5 rust devils (D)
  3 smoke demons (D)
  A naga mage (D)
  2 hellions (D)
  3 tormentors (D)
  2 jumping spiders (D)
  A hellwing (D)
  4 yaktaurs (D)
  7 freezing wraiths (D)
  4 red devils (D)
  A guardian mummy (D)
  2 merfolk (D)
  3 blue devils (D)
  8 slime creatures (D)
  2 deep elf magi (D)
  A yak (shapeshifter) (D)
  A flying skull (D)
  4 vampires (D)
  2 chaos spawn (D)
  3 shadows (D)
  2 large abominations (D)
  A golden eye (D)
  2 wraiths (D)
  2 hippogriffs (D)
  4 hungry ghosts (D)
  A deep elf fighter (D)
  A neqoxec (D)
  3 vampire mosquitoes (D)
  2 hell hounds (D)
  5 orc warriors (D)
  4 water moccasins (D)
  3 ice beasts (D)
  5 necrophages (D)
  3 eyes of draining (D)
  4 phantoms (D)
  6 centaurs (D)
  2 scorpions (D)
  A wight (D)
  3 iron imps (D)
  5 jellies (D)
  A crimson imp (D)
  5 orc priests (D)
  5 orc wizards (D)
  2 sheep (D)
  A necrophage skeleton (D)
  5 mummies (D)
  3 adders (D)
  2 giant mites (D)
  3 white imps (D)
  2 giant eyeballs (D)
  19 ufetubi (D)
  2 adder skeletons (D)
  6 adder zombies (D)
  3 oozes (D)
  2 orcs (D)
  2 ball pythons (D)
  A bat skeleton (D)
  4 bat zombies (D)
  A ball python skeleton (D)
  A ball python zombie (D)
  2 giant cockroach zombies (D)
  A jackal skeleton (D)
  3 jackal zombies (D)
  2 quokka zombies (D)
  3 butterflies (D)
  A crawling corpse (D)
  2 fungi (D)
330 creatures vanquished.

Vanquished Creatures (collateral kills)
  A pandemonium lord (D)
  A bone dragon (D)
  A deep elf blademaster (D)
  3 deep elf sorcerers (D)
  A vampire knight (D)
  A reaper (D)
  2 deep elf annihilators (D)
  3 deep elf high priests (D)
  A skeletal warrior (D)
  3 deep elf knights (D)
  An ice devil (D)
  A water elemental (D)
  A phantasmal warrior (D)
  2 rust devils (D)
  A smoke demon (D)
  A deep elf priest (D)
  A hellion (D)
  2 red devils (D)
  A jumping spider (D)
  A blue devil (D)
  A large abomination (D)
  2 flying skulls (D)
  A wraith (D)
  A deep elf mage (D)
  A hell hound (D)
  A phantom (D)
  A centaur (D)
  3 wights (D)
  An iron imp (D)
  5 white imps (D)
  An adder skeleton (D)
  2 adder zombies (D)
  3 bat skeletons (D)
  A bat zombie (D)
  A ball python zombie (D)
  3 giant cockroach zombies (D)
  A jackal skeleton (D)
  A quokka zombie (D)
  2 crawling corpses (D)
61 creatures vanquished.

Vanquished Creatures (others)
  4 pandemonium lords (D)
  3 chimeras (D)
  2 eldritch tentacles (D)
  A Shadow Fiend (D)
  A death ooze (D)
  A hydra (D)
  2 air elementals (D)
  21 water elementals (D)
  A guardian mummy (D)
  An earth elemental (D)
  A tarantella (D)
  Blork the orc (D)
  3 bat zombies (D)
  2 giant cockroach zombies (D)
  159 eldritch tentacle segments (D)
203 creatures vanquished.

Grand Total: 594 creatures vanquished

Notes
Turn   | Place    | Note
--------------------------------------------------------------
     0 | D        | BluebellGnoll, the Deep Dwarf Gladiator, began the quest for the Orb.
     0 | D        | Reached XP level 1. HP: 19/19 MP: 1/1
     0 | D        | Found a viscous altar of Jiyva.
     0 | D        | Found a corrupted altar of Lugonu.
     0 | D        | Found a white marble altar of Elyvilon.
     2 | D        | Found a sparkling altar of Nemelex Xobeh.
     2 | D        | Found a burning altar of Makhleb.
     3 | D        | Found a deep blue altar of Sif Muna.
     3 | D        | Found a bloodstained altar of Trog.
     6 | D        | Found an iron altar of Okawaru.
    13 | D        | Found a radiant altar of Vehumet.
    14 | D        | Found a basalt altar of Yredelemnul.
    24 | D        | Found a shimmering altar of Xom.
    36 | D        | Became a worshipper of Makhleb the Destroyer
    57 | D        | Reached skill level 8 in Armour
    57 | D        | Reached XP level 2. HP: 26/26 MP: 2/2
    58 | D        | Entered arena 1.
    58 | D        | Noticed an iron imp
    58 | D        | Noticed a large abomination
    62 | D        | Killed an iron imp
    62 | D        | Reached XP level 3. HP: 21/34 MP: 3/3
    62 | D        | Killed a large abomination
    62 | D        | Acquired Makhleb's first power
    62 | D        | Reached XP level 4. HP: 25/48 MP: 4/4
    62 | D        | Reached XP level 5. HP: 28/55 MP: 5/5
    72 | D        | Entered arena 2.
    72 | D        | Noticed a scorpion
    72 | D        | Noticed a scorpion
    76 | D        | Killed a scorpion
    76 | D        | Reached skill level 5 in Axes
    76 | D        | Killed a scorpion
    76 | D        | Acquired Makhleb's second power
    76 | D        | Reached skill level 5 in Evocations
    76 | D        | Reached XP level 6. HP: 48/62 MP: 6/11
    83 | D        | Entered arena 3.
    83 | D        | Noticed a jumping spider
    83 | D        | Noticed a jumping spider
    83 | D        | Noticed a jumping spider
    86 | D        | Killed a jumping spider
    86 | D        | Reached skill level 9 in Axes
    86 | D        | Reached XP level 7. HP: 55/69 MP: 8/17
    87 | D        | Killed a jumping spider
    87 | D        | Acquired Makhleb's third power
    87 | D        | Reached skill level 10 in Axes
    87 | D        | Reached skill level 10 in Evocations
    91 | D        | Killed a jumping spider
    91 | D        | Reached skill level 11 in Axes
    98 | D        | Entered arena 4.
    98 | D        | Noticed a water moccasin
    98 | D        | Noticed a water moccasin
    98 | D        | Noticed a water moccasin
   103 | D        | Killed a water moccasin
   103 | D        | Reached XP level 8. HP: 76/78 MP: 12/21
   103 | D        | Killed a water moccasin
   103 | D        | Acquired Makhleb's fourth power
   106 | D        | Killed a water moccasin
   106 | D        | Reached skill level 12 in Evocations
   119 | D        | Entered arena 5.
   119 | D        | Noticed a phantom
   119 | D        | Noticed a phantom
   119 | D        | Noticed a phantom
   120 | D        | Acquired Makhleb's fifth power
   125 | D        | Killed a phantom
   127 | D        | Killed a phantom
   132 | D        | Killed a phantom
   132 | D        | Reached skill level 13 in Evocations
   138 | D        | Got the ring "Itaimi" {+Inv +Fly rElec rN+ Dex+2}
   140 | D        | Entered arena 6.
   140 | D        | Noticed a merfolk
   140 | D        | Noticed a hippogriff
   140 | D        | Noticed a merfolk
   140 | D        | Noticed a hippogriff
   147 | D        | Killed a hippogriff
   149 | D        | Killed a hippogriff
   151 | D        | Killed a merfolk
   151 | D        | Reached skill level 10 in Fighting
   151 | D        | Reached skill level 14 in Evocations
   151 | D        | Gained mutation: You passively map the area around you. [level up]
   151 | D        | Reached XP level 9. HP: 91/93 MP: 21/24
   153 | D        | Killed a merfolk
   162 | D        | Identified the Papyrus of Clay (You found it in the Dungeon)
   167 | D        | Entered arena 7.
   167 | D        | Noticed a naga mage
   167 | D        | Noticed a water moccasin
   170 | D        | Killed a water moccasin
   176 | D        | Killed a naga mage
   176 | D        | Reached skill level 10 in Shields
   184 | D        | Got the ring "Agibeor" {MP+9 Int+2 Dex+2}
   192 | D        | Entered arena 8.
   192 | D        | Noticed a crimson imp
   192 | D        | Noticed a large abomination
   195 | D        | Killed a large abomination
   199 | D        | Killed a crimson imp
   214 | D        | Entered arena 9.
   214 | D        | Noticed an orc warrior
   214 | D        | Noticed an orc wizard
   214 | D        | Noticed an orc priest
   214 | D        | Noticed an orc priest
   214 | D        | Noticed an orc priest
   214 | D        | Noticed an orc warrior
   214 | D        | Noticed an orc wizard
   216 | D        | Killed an orc warrior
   216 | D        | Killed an orc priest
   217 | D        | Killed an orc wizard
   217 | D        | Killed an orc priest
   217 | D        | Reached skill level 15 in Evocations
   218 | D        | Killed an orc priest
   220 | D        | Killed an orc warrior
   221 | D        | Killed an orc wizard
   265 | D        | Identified a +5 rod of clouds (14/14) (You found it in the Dungeon)
   266 | D        | Entered arena 10.
   266 | D        | Noticed an orc wizard
   266 | D        | Noticed an orc wizard
   266 | D        | Noticed an orc priest
   266 | D        | Noticed an orc priest
   266 | D        | Noticed an orc wizard
   266 | D        | Noticed an orc warrior
   266 | D        | Noticed an orc warrior
   266 | D        | Noticed an orc warrior
   268 | D        | Killed an orc priest
   269 | D        | Killed an orc wizard
   270 | D        | Killed an orc priest
   270 | D        | Killed an orc wizard
   270 | D        | Killed an orc warrior
   270 | D        | Reached skill level 16 in Evocations
   272 | D        | Killed an orc wizard
   273 | D        | Killed an orc warrior
   274 | D        | Killed an orc warrior
   405 | D        | Entered arena 11.
   405 | D        | Noticed a white draconian
   405 | D        | Noticed an Orb Guardian
   405 | D        | Noticed a yellow draconian
   405 | D        | Noticed a mottled draconian
   405 | D        | Noticed a fire dragon
   405 | D        | Noticed a yellow draconian
   405 | D        | Noticed a green draconian
   405 | D        | Noticed a white draconian
   406 | D        | Noticed a yellow draconian
   406 | D        | Noticed a pale draconian
   411 | D        | Identified a +4 rod of destruction (13/13) (You took it off an orc priest in the Dungeon)
   414 | D        | Killed a mottled draconian
   414 | D        | Reached skill level 18 in Evocations
   414 | D        | Reached XP level 10. HP: 54/103 MP: 24/26
   416 | D        | Killed a green draconian
   416 | D        | Reached skill level 20 in Evocations
   416 | D        | Killed an Orb Guardian
   416 | D        | Reached skill level 22 in Evocations
   421 | D        | Killed a pale draconian
   421 | D        | Reached skill level 23 in Evocations
   421 | D        | Reached XP level 11. HP: 91/110 MP: 25/30
   421 | D        | Killed a yellow draconian
   421 | D        | Reached skill level 24 in Evocations
   421 | D        | Killed a yellow draconian
   421 | D        | Reached skill level 25 in Evocations
   423 | D        | Killed a white draconian
   424 | D        | Killed a white draconian
   424 | D        | Reached skill level 26 in Evocations
   427 | D        | Killed a fire dragon
   427 | D        | Reached skill level 27 in Evocations
   431 | D        | Killed a yellow draconian
   532 | D        | Entered arena 12.
   532 | D        | Noticed a centaur
   532 | D        | Noticed a yaktaur captain
   532 | D        | Noticed a yaktaur
   532 | D        | Noticed a centaur warrior
   532 | D        | Noticed a cyclops
   532 | D        | Noticed a centaur
   532 | D        | Noticed a deep elf master archer
   532 | D        | Noticed a yaktaur
   534 | D        | Noticed a merfolk javelineer
   536 | D        | Noticed a yaktaur captain
   536 | D        | Noticed a cyclops
   536 | D        | Killed a centaur
   537 | D        | Killed a centaur
   537 | D        | Killed a yaktaur
   538 | D        | Killed a deep elf master archer
   538 | D        | Reached XP level 12. HP: 118/118 MP: 32/32
   539 | D        | Killed a cyclops
   540 | D        | Killed a yaktaur captain
   540 | D        | Reached skill level 15 in Shields
   541 | D        | Killed a yaktaur
   542 | D        | Killed a cyclops
   545 | D        | Killed a centaur warrior
   549 | D        | Killed a yaktaur captain
   550 | D        | Killed a merfolk javelineer
   630 | D        | Got the ring of the Blue Skies {rC+ MR++}
   661 | D        | Entered arena 13.
   661 | D        | Noticed a golden eye
   661 | D        | Noticed a jelly
   664 | D        | Killed a golden eye
   664 | D        | Killed a jelly
   665 | D        | Noticed a slime creature
   669 | D        | Noticed a slime creature
   669 | D        | Noticed a jelly
   672 | D        | Noticed a jelly
   672 | D        | Noticed a slime creature
   672 | D        | Killed a slime creature
   673 | D        | Noticed a slime creature
   673 | D        | Noticed a death ooze
   673 | D        | Killed a jelly
   674 | D        | Noticed a slime creature
   674 | D        | Killed a slime creature
   674 | D        | Killed a slime creature
   676 | D        | Killed a death ooze
   676 | D        | Reached skill level 10 in Armour
   676 | D        | Killed a slime creature
   679 | D        | Killed a jelly
   679 | D        | Killed a slime creature
   782 | D        | Entered arena 14.
   782 | D        | Noticed an ice devil
   782 | D        | Noticed a skeletal warrior
   783 | D        | Noticed a vampire
   783 | D        | Noticed a shadow
   787 | D        | Killed a vampire
   789 | D        | Noticed an ice devil
   789 | D        | Noticed a freezing wraith
   789 | D        | Noticed a flying skull
   791 | D        | Noticed a freezing wraith
   795 | D        | Killed a flying skull
   797 | D        | Killed a skeletal warrior
   797 | D        | Reached skill level 5 in Invocations
   800 | D        | Killed a freezing wraith
   804 | D        | Killed an ice devil
   805 | D        | Killed a freezing wraith
   805 | D        | Killed an ice devil
   808 | D        | Killed a shadow
   856 | D        | Entered arena 15.
   856 | D        | Noticed an acid blob
   856 | D        | Noticed an eye of devastation
   856 | D        | Noticed a slime creature
   857 | D        | Noticed a slime creature
   858 | D        | Noticed an azure jelly
   858 | D        | Noticed an acid blob
   861 | D        | Noticed a death ooze
   861 | D        | Noticed an azure jelly
   861 | D        | Noticed a slime creature
   861 | D        | Noticed a jelly
   861 | D        | Noticed an eye of draining
   861 | D        | Killed an acid blob
   861 | D        | Killed a death ooze
   862 | D        | Noticed a jelly
   862 | D        | Killed a slime creature
   862 | D        | Killed an acid blob
   862 | D        | Reached skill level 15 in Invocations
   862 | D        | Reached XP level 13. HP: 126/126 MP: 32/32
   862 | D        | Killed an eye of devastation
   864 | D        | Killed an azure jelly
   865 | D        | Killed a slime creature
   866 | D        | Killed an azure jelly
   869 | D        | Killed an eye of draining
   870 | D        | Killed a slime creature
   870 | D        | Killed a jelly
   871 | D        | Paralysed by a giant eyeball for 4 turns
   877 | D        | Killed a jelly
   934 | D        | Entered arena 16.
   935 | D        | Identified a +4 rod of shadows (11/11) (You found it in the Dungeon)
   946 | D        | Noticed a guardian mummy
   946 | D        | Noticed a flying skull
   947 | D        | Noticed a guardian mummy
   947 | D        | Noticed a mummy priest
   952 | D        | Killed a flying skull
   956 | D        | Killed a guardian mummy
   957 | D        | Noticed a death scarab
   958 | D        | Noticed a flying skull
   959 | D        | Banished a guardian mummy
   960 | D        | Killed a mummy priest
   962 | D        | Noticed a greater mummy
   963 | D        | Noticed an anubis guard
   965 | D        | Killed a flying skull
   966 | D        | Noticed a mummy priest
   969 | D        | Killed a greater mummy
   972 | D        | Killed a mummy priest
   973 | D        | Killed an anubis guard
   988 | D        | Killed a death scarab
  1092 | D        | Entered arena 17.
  1108 | D        | Noticed a centaur
  1108 | D        | Noticed a cyclops
  1108 | D        | Noticed a centaur
  1109 | D        | Noticed a deep elf master archer
  1109 | D        | Noticed a centaur warrior
  1109 | D        | Noticed a yaktaur captain
  1109 | D        | Noticed a yaktaur
  1109 | D        | Noticed a cyclops
  1109 | D        | Noticed a merfolk javelineer
  1111 | D        | Noticed a yaktaur
  1111 | D        | Noticed a cyclops
  1111 | D        | Noticed a deep elf master archer
  1111 | D        | Identified the +2 flail "Vubapp" {freeze, +Inv +Fly rF- rC++}
  1112 | D        | Noticed a centaur
  1113 | D        | Noticed a centaur warrior
  1113 | D        | Killed a centaur
  1113 | D        | Killed a centaur
  1115 | D        | Noticed a centaur warrior
  1116 | D        | Killed a cyclops
  1117 | D        | Killed a centaur
  1117 | D        | Killed a centaur warrior
  1119 | D        | Killed a deep elf master archer
  1120 | D        | Killed a cyclops
  1121 | D        | Noticed a centaur
  1121 | D        | Killed a centaur warrior
  1121 | D        | Killed a yaktaur
  1121 | D        | Reached skill level 15 in Axes
  1123 | D        | Noticed a stone giant
  1124 | D        | Killed a merfolk javelineer
  1125 | D        | Killed a yaktaur
  1126 | D        | Killed a deep elf master archer
  1126 | D        | Gained mutation: You resist negative energy. [level up]
  1126 | D        | Reached XP level 14. HP: 141/141 MP: 31/31
  1127 | D        | Killed a yaktaur captain
  1127 | D        | Killed a cyclops
  1128 | D        | Killed a centaur
  1128 | D        | Killed a centaur
  1131 | D        | Killed a centaur warrior
  1132 | D        | Killed a stone giant
  1222 | D        | Entered arena 18.
  1222 | D        | Noticed a vampire
  1224 | D        | Killed a vampire
  1225 | D        | Noticed a blue devil
  1225 | D        | Noticed an ice beast
  1226 | D        | Noticed a shadow
  1226 | D        | Noticed an ice devil
  1226 | D        | Noticed an ice devil
  1226 | D        | Noticed an ice beast
  1227 | D        | Noticed a tormentor
  1227 | D        | Noticed an ice devil
  1227 | D        | Noticed a hungry ghost
  1228 | D        | Noticed an ice dragon
  1229 | D        | Noticed an ice beast
  1229 | D        | Noticed a wight
  1233 | D        | Killed a tormentor
  1234 | D        | Killed an ice dragon
  1234 | D        | Killed a hungry ghost
  1234 | D        | Killed a wight
  1235 | D        | Noticed a phantom
  1236 | D        | Killed an ice devil
  1237 | D        | Killed an ice beast
  1237 | D        | Killed an ice devil
  1238 | D        | Killed an ice beast
  1242 | D        | Killed a shadow
  1244 | D        | Killed an ice beast
  1249 | D        | Killed an ice devil
  1251 | D        | Killed a blue devil
  1260 | D        | Killed a phantom
  1344 | D        | Got the amulet of Birdsong {rMut rC+ Int+3}
  1381 | D        | Identified the Almanac of the Snowflakes (You found it in the Dungeon)
  1414 | D        | Entered arena 19.
  1414 | D        | Noticed a vampire mage
  1417 | D        | Killed a vampire mage
  1419 | D        | Noticed a necrophage
  1419 | D        | Noticed a vampire mage
  1419 | D        | Noticed a necrophage
  1423 | D        | Noticed a wight
  1423 | D        | Noticed a skeletal warrior
  1424 | D        | Noticed a wight
  1424 | D        | Noticed a necromancer
  1424 | D        | Noticed a vampire
  1424 | D        | Killed a necrophage
  1425 | D        | Noticed a vampire mage
  1425 | D        | Noticed a vampire knight
  1427 | D        | Noticed a wight
  1428 | D        | Noticed a necrophage
  1429 | D        | Killed a necrophage
  1429 | D        | Killed a necromancer
  1431 | D        | Noticed a necrophage
  1431 | D        | Noticed a necrophage
  1431 | D        | Noticed a vampire
  1433 | D        | Killed a necrophage
  1436 | D        | Killed a necrophage
  1438 | D        | Killed a necrophage
  1438 | D        | Killed a vampire mage
  1438 | D        | Killed a vampire
  1439 | D        | Killed a vampire
  1439 | D        | Killed a skeletal warrior
  1440 | D        | Killed a wight
  1444 | D        | Killed a vampire knight
  1445 | D        | Killed a vampire mage
  1447 | D        | Killed a wight
  1449 | D        | Killed a wight
  1504 | D        | Identified the Volume of Lethal Attacks (You found it in the Dungeon)
  1588 | D        | Entered arena 20.
  1603 | D        | Noticed an Ice Fiend
  1604 | D        | Noticed a freezing wraith
  1604 | D        | Noticed a hungry ghost
  1604 | D        | Noticed a freezing wraith
  1604 | D        | Noticed an ice dragon
  1606 | D        | Noticed a phantasmal warrior
  1606 | D        | Killed a freezing wraith
  1607 | D        | Noticed an ice devil
  1607 | D        | Noticed an ice devil
  1608 | D        | Killed a freezing wraith
  1609 | D        | Killed an ice dragon
  1609 | D        | Killed an Ice Fiend
  1609 | D        | Reached skill level 15 in Armour
  1609 | D        | Killed a phantasmal warrior
  1612 | D        | Noticed a freezing wraith
  1612 | D        | Killed a hungry ghost
  1616 | D        | Killed a freezing wraith
  1619 | D        | Killed an ice devil
  1621 | D        | Killed an ice devil
  1709 | D        | Entered arena 21.
  1716 | D        | Noticed an iron imp
  1717 | D        | Noticed a hell hound
  1719 | D        | Noticed a hellion
  1720 | D        | Noticed a bone dragon
  1720 | D        | Noticed a blue devil
  1720 | D        | Killed a blue devil
  1720 | D        | Killed a hellion
  1722 | D        | Killed a hell hound
  1722 | D        | Killed an iron imp
  1723 | D        | Noticed a reaper
  1724 | D        | Killed a bone dragon
  1725 | D        | Killed a reaper
  1728 | D        | Noticed a rust devil
  1729 | D        | Noticed a reaper
  1729 | D        | Noticed a reaper
  1730 | D        | Noticed a hell hound
  1731 | D        | Noticed a hell hound
  1732 | D        | Noticed an iron imp
  1732 | D        | Noticed a hellion
  1735 | D        | Noticed a tormentor
  1739 | D        | Noticed a rust devil
  1739 | D        | Noticed a wraith
  1740 | D        | Killed a hell hound
  1740 | D        | Killed a tormentor
  1741 | D        | Noticed a tormentor
  1741 | D        | Killed a hellion
  1744 | D        | Noticed an iron imp
  1745 | D        | Killed a reaper
  1748 | D        | Killed a hell hound
  1748 | D        | Killed a tormentor
  1754 | D        | Killed a rust devil
  1754 | D        | Killed a rust devil
  1759 | D        | Killed a reaper
  1759 | D        | Killed a wraith
  1761 | D        | Killed an iron imp
  1761 | D        | Killed an iron imp
  1811 | D        | Got the amulet "Zyrac" {Inacc SInv}
  1856 | D        | Got the amulet "Tuinnuj" {Ward +Rage rPois rF+ rN+ Dex+1 Stlth+}
  1885 | D        | Identified a +9 rod of ignition (13/13) (You found it in the Dungeon)
  1886 | D        | Entered arena 22.
  1903 | D        | Noticed a deep elf mage
  1903 | D        | Noticed a deep elf master archer
  1904 | D        | Noticed a deep elf blademaster
  1906 | D        | Noticed a deep elf knight
  1906 | D        | Noticed a yak
  1907 | D        | Noticed a deep elf master archer
  1909 | D        | Noticed a deep elf blademaster
  1910 | D        | Noticed a deep elf annihilator
  1911 | D        | Noticed a deep elf blademaster
  1912 | D        | Noticed a deep elf mage
  1912 | D        | Noticed a deep elf conjurer
  1912 | D        | Killed a deep elf mage
  1913 | D        | Noticed a deep elf master archer
  1913 | D        | Noticed a deep elf sorcerer
  1913 | D        | Noticed a deep elf priest
  1913 | D        | Killed a deep elf blademaster
  1913 | D        | Killed a yak
  1914 | D        | Killed a deep elf knight
  1914 | D        | Killed a deep elf blademaster
  1915 | D        | Killed a deep elf annihilator
  1918 | D        | Noticed a deep elf fighter
  1918 | D        | Killed a deep elf master archer
  1918 | D        | Reached XP level 15. HP: 147/147 MP: 29/29
  1919 | D        | Noticed a deep elf knight
  1919 | D        | Killed a deep elf master archer
  1920 | D        | Noticed a deep elf blademaster
  1920 | D        | Killed a deep elf master archer
  1920 | D        | Killed a deep elf mage
  1921 | D        | Killed a deep elf blademaster
  1921 | D        | Killed a deep elf conjurer
  1923 | D        | Noticed a deep elf high priest
  1924 | D        | Killed a deep elf fighter
  1924 | D        | Killed a deep elf sorcerer
  1926 | D        | Noticed a deep elf sorcerer
  1926 | D        | Killed a deep elf sorcerer
  1927 | D        | Killed a deep elf high priest
  1929 | D        | Killed a deep elf priest
  1931 | D        | Noticed a deep elf high priest
  1932 | D        | Noticed a deep elf knight
  1934 | D        | Noticed a deep elf sorcerer
  1935 | D        | Noticed a deep elf high priest
  1938 | D        | Noticed a deep elf sorcerer
  1939 | D        | Killed a deep elf blademaster
  1941 | D        | Killed a deep elf high priest
  1942 | D        | Noticed a deep elf high priest
  1945 | D        | Noticed a deep elf sorcerer
  1947 | D        | Killed a deep elf sorcerer
  1947 | D        | Reached skill level 10 in Throwing
  1947 | D        | Killed a deep elf sorcerer
  1948 | D        | Noticed a deep elf annihilator
  1949 | D        | Killed a deep elf high priest
  1949 | D        | Killed a deep elf high priest
  1950 | D        | Killed a deep elf knight
  1951 | D        | Killed a deep elf annihilator
  1952 | D        | Noticed a deep elf mage
  1953 | D        | Noticed a deep elf knight
  1953 | D        | Noticed a deep elf conjurer
  1953 | D        | Killed a deep elf conjurer
  1953 | D        | Killed a deep elf mage
  1954 | D        | Killed a deep elf sorcerer
  1957 | D        | Killed a deep elf knight
  1958 | D        | Killed a deep elf knight
  1961 | D        | Got the amulet "Zaock" {Stasis rF+ rC+}
  2118 | D        | Entered arena 23.
  2136 | D        | Noticed Voarraint the pandemonium lord
  2136 | D        | Noticed a blizzard demon
  2136 | D        | Noticed Hux Tets the pandemonium lord
  2137 | D        | Noticed an Executioner
  2137 | D        | Noticed Shrerraor the pandemonium lord
  2137 | D        | Noticed Oscharuo the pandemonium lord
  2137 | D        | Noticed Letoppos the pandemonium lord
  2138 | D        | Noticed Thuliniz the pandemonium lord
  2139 | D        | Noticed a putrid demonspawn
  2139 | D        | Noticed Katiek the pandemonium lord
  2141 | D        | Noticed a sixfirhy
  2141 | D        | Noticed a smoke demon
  2141 | D        | Noticed Gridam the pandemonium lord
  2141 | D        | Noticed Buemiu Mudou the pandemonium lord
  2141 | D        | Noticed a red devil
  2142 | D        | Noticed Luqodd the pandemonium lord
  2142 | D        | Killed a putrid demonspawn
  2143 | D        | Noticed Crigikk the pandemonium lord
  2146 | D        | Noticed Deeleuhi the pandemonium lord
  2151 | D        | Noticed Fohol the pandemonium lord
  2152 | D        | Noticed Casho the pandemonium lord
  2152 | D        | Killed a sixfirhy
  2152 | D        | Killed an Executioner
  2152 | D        | Killed a blizzard demon
  2153 | D        | Noticed Sahurabergh the pandemonium lord
  2157 | D        | Noticed a cacodemon
  2157 | D        | Noticed Dalef the pandemonium lord
  2157 | D        | Noticed Ohafaful the pandemonium lord
  2159 | D        | Noticed Pluodghi the pandemonium lord
  2160 | D        | Noticed Photzob the pandemonium lord
  2163 | D        | Killed Gridam the pandemonium lord
  2164 | D        | Killed Luqodd the pandemonium lord
  2166 | D        | Noticed Cealloq the pandemonium lord
  2166 | D        | Noticed a cacodemon
  2171 | D        | Noticed a neqoxec
  2173 | D        | Killed Casho the pandemonium lord
  2175 | D        | Killed Letoppos the pandemonium lord
  2175 | D        | Reached XP level 16. HP: 156/156 MP: 0/30
  2176 | D        | Noticed Tyeruoh the pandemonium lord
  2178 | D        | Noticed Vuownyt the pandemonium lord
  2181 | D        | Killed a smoke demon
  2181 | D        | Killed a red devil
  2183 | D        | Killed Deeleuhi the pandemonium lord
  2184 | D        | Killed Crigikk the pandemonium lord
  2184 | D        | Killed Katiek the pandemonium lord
  2185 | D        | Killed Buemiu Mudou the pandemonium lord
  2185 | D        | Reached skill level 27 in Axes
  2186 | D        | Noticed Prep the pandemonium lord
  2186 | D        | Noticed Beutz the pandemonium lord
  2187 | D        | Noticed a smoke demon
  2187 | D        | Killed Pluodghi the pandemonium lord
  2188 | D        | Noticed Qoange Fyoji the pandemonium lord
  2190 | D        | Noticed a Brimstone Fiend
  2190 | D        | Noticed a shadow demon
  2192 | D        | Noticed a rust devil
  2193 | D        | Noticed Ruynuof the pandemonium lord
  2193 | D        | Killed Sahurabergh the pandemonium lord
  2193 | D        | Killed a cacodemon
  2193 | D        | Killed a cacodemon
  2193 | D        | Killed a neqoxec
  2193 | D        | Killed Ohafaful the pandemonium lord
  2195 | D        | Killed Voarraint the pandemonium lord
  2196 | D        | Killed Vuownyt the pandemonium lord
  2196 | D        | Killed a smoke demon
  2197 | D        | Killed Cealloq the pandemonium lord
  2197 | D        | Reached skill level 27 in Shields
  2197 | D        | Reached XP level 17. HP: 163/163 MP: 0/31
  2200 | D        | Noticed a Shadow Fiend
  2201 | D        | Killed an eldritch tentacle
  2202 | D        | Killed a shadow demon
  2205 | D        | Killed Photzob the pandemonium lord
  2205 | D        | Killed Hux Tets the pandemonium lord
  2205 | D        | Killed Beutz the pandemonium lord
  2205 | D        | Killed a rust devil
  2207 | D        | Killed Fohol the pandemonium lord
  2207 | D        | Reached skill level 27 in Armour
  2210 | D        | Killed Tyeruoh the pandemonium lord
  2210 | D        | Killed Dalef the pandemonium lord
  2211 | D        | Killed Prep the pandemonium lord
  2211 | D        | Reached skill level 15 in Dodging
  2211 | D        | Killed a Shadow Fiend
  2211 | D        | Killed Thuliniz the pandemonium lord
  2223 | D        | Killed Qoange Fyoji the pandemonium lord
  2229 | D        | Killed Ruynuof the pandemonium lord
  2242 | D        | Killed Shrerraor the pandemonium lord
  2250 | D        | Killed Oscharuo the pandemonium lord
  2295 | D        | Killed Blork the orc
  2298 | D        | Got the amulet of Ruitri {rCorr Str-4}
  2452 | D        | Got the ring of Uciu {Contam EV+3}
  2499 | D        | Entered arena 24.
  2499 | D        | Noticed Ereshkigal
  2499 | D        | Noticed the royal jelly
  2499 | D        | Noticed Dispater
  2499 | D        | Noticed Norris
  2499 | D        | Noticed Jory
  2499 | D        | Identified a +3 rod of shadows (5/10)
  2501 | D        | Noticed the Enchantress
  2501 | D        | Noticed the Serpent of Hell
  2509 | D        | Noticed Sonja
  2509 | D        | Noticed Donald
  2510 | D        | Noticed Azrael
  2511 | D        | Noticed the 27-headed Lernaean hydra
  2511 | D        | Noticed Xtahua
  2511 | D        | Noticed Wiglaf
  2514 | D        | Noticed Urug
  2514 | D        | Noticed Louise
  2514 | D        | Noticed Ijyb
  2514 | D        | Noticed Kirke
  2515 | D        | Noticed Nellie
  2515 | D        | Killed Norris
  2516 | D        | Noticed Nikola
  2517 | D        | Noticed Grum
  2517 | D        | Noticed Harold
  2518 | D        | Noticed Dissolution
  2518 | D        | Noticed Polyphemus
  2518 | D        | HP: 5/163 [acid[the royal jelly] (10)]
  2519 | D        | Noticed the iron giant
  2519 | D        | Slain by the Serpent of Hell

Action                   |  1- 3 |  4- 6 |  7- 9 | 10-12 | 13-15 | 16-18 || total
-------------------------+-------+-------+-------+-------+-------+-------++-------
Melee: Broad axe         |     3 |     4 |    42 |    23 |    66 |    54 ||   192
Throw: Throwing net      |       |       |       |     3 |     3 |       ||     6
       Javelin           |       |       |       |       |    37 |       ||    37
Invok: Major Destruction |       |       |       |       |     2 |       ||     2
       Greater Servant o |       |       |       |       |     1 |       ||     1
 Abil: Device Recharging |       |       |     2 |     1 |     5 |     2 ||    10
       Evoke Invisibilit |       |       |       |       |     1 |       ||     1
Evoke: Wand              |       |     1 |    12 |     8 |    52 |     5 ||    78
       Rod               |       |       |     5 |    16 |    48 |     3 ||    72
       Sack of spiders   |       |       |       |     1 |       |     2 ||     3
       Box of beasts     |       |       |       |       |     5 |       ||     5
       Phial of floods   |       |       |       |       |    15 |    12 ||    27
       Fan of gales      |       |       |       |       |     2 |       ||     2
       Stone of tremors  |       |       |       |       |     3 |     5 ||     8
       Deck              |       |       |       |       |     1 |     1 ||     2
       Phantom mirror    |       |       |       |       |     1 |       ||     1
       tome              |       |       |       |       |       |     1 ||     1
  Use: Potion            |     1 |       |       |     3 |     4 |     8 ||    16
       Scroll            |       |       |     7 |       |    13 |       ||    20
 Stab: Held in net/web   |       |       |       |     1 |       |       ||     1
  Eat: Chunk             |       |       |       |     3 |     7 |       ||    10
       Royal jelly       |       |       |       |     1 |     2 |       ||     3
       Meat ration       |       |       |       |       |       |     1 ||     1
